 Dungeon Crawl Stone Soup version 0.31-a0-846-gb3bcc0d938 (webtiles) character file.

Game seed: 8912614901961275624

292 ytrimaz the Sneak (level 6, -3/38 HPs)
             Began as an Octopode Shapeshifter on Oct 3, 2023.
             Slain by a gnoll
             ... wielding a +0 spear
              (6 damage)
             ... on level 3 of the Dungeon.
             The game lasted 00:03:10 (2151 turns).

ytrimaz the Sneak (Octopode Shapeshifter)           Turns: 2151, Time: 00:03:10

Health: -3/38      AC:  1    Str: 14    XL:     6   Next: 33%
Magic:  6/6        EV: 13    Int: 12    God:
Gold:   84         SH:  0    Dex: 13    Spells: 5/5 levels left

rFire   . .          .
                       - Unarmed
rCold   . . .        (no shield)
rNeg    . . .        (helmet currently unavailable)
rPois   .            (no amulet)
rElec   .            (no ring)
rCorr   .            (no ring)
SInv    .            (no ring)
Will    .....        (no ring)
Stlth   ++++         (no ring)
HPRegen 0.26/turn    (no ring)
MPRegen 0.10/turn    (no ring)
                     (no ring)

%: no passive effects
@: about to teleport, beast-form
A: beast (slay +2), almost no armour, amphibious, 8 rings, camouflage 1,
gelatinous body 1, (nimble swimmer 1), tentacles
a: Begin Untransformation


You were on level 3 of the Dungeon.
You were a hulking beast.
You visited 1 branch of the dungeon, and saw 3 of its levels.

You collected 84 gold pieces.


Innate Abilities, Weirdness & Mutations

You are a hulking beast.
Your limbs bulge with bestial killing power. (Slay +2)
You cannot wear most types of armour.
You are amphibious.
You can wear up to eight rings at the same time.
Your skin changes colour to match your surroundings (Stealth+).
Your rubbery body absorbs attacks. (AC +1, EV +1)
((You are camouflaged when in or above water. (Stealth+)))
You have tentacles for arms and can constrict up to eight enemies at once.


   Skills:
 - Level 1.0 Fighting
 - Level 2.0 Dodging
 + Level 5.0 Stealth
 + Level 4.5 Unarmed Combat
 + Level 4.4 Shapeshifting


You had 5 spell levels left.
You didn't know any spells.
Your spell library was empty.

Inventory:

Talismans
 b - a beast talisman (active)
 c - a flux talisman
Scrolls
 g - a scroll of identify {unknown}
 h - a scroll of summoning {unknown}
 i - a scroll of fear {unknown}
Potions
 a - 4 potions of lignification
 d - a potion of might {unknown}
 f - a potion of berserk rage {unknown}

Dungeon Overview and Level Annotations

Branches:
Dungeon (3/15) Zot: 15854

Altars:

.#...#...#...#....# ..#
...#...#...#...#..##..##.
.#...#...#...#...........
...#...#...#.......#..##.
.#...#...#.......!.#..#
#..#...#...##......#..#
#....#................#
.... .................#
.......h..#..#
......gg.....##.
.......g........
..##.##..c..#### #
#......B....#
#.##...#.##.# # #.......
. #...#.##. #...#. #


You could see a centaur, 3 gnolls and a giant cockroach.


Message History

Unknown command.
You tentacle-slap the jackal.
You kill the jackal!
An orc comes into view. It is wielding a +0 trident.
The orc shouts!
Things that are here:
a jackal corpse; a jackal corpse 😕 HP[+1] Unknown command.
The orc closely misses you. The endoplasm freezes you.
You are frozen. 😕 HP[-1]
You take 1 damage, and now have 34/38 hp.
You tentacle-slap the endoplasm. The orc misses you.
The endoplasm hits you but does no damage.
Unknown command.
You bludgeon the endoplasm!
You kill the endoplasm!
The orc closely misses you.
The orc closely misses you. 😕 HP[+1] Unknown command.
You tentacle-slap the orc. Your grab misses the orc. The orc barely misses you.
You tentacle-slap the orc. Your grab misses the orc. You squeeze the orc.
You kill the orc!
Unknown command.
You now have 84 gold pieces (gained 9).
You see here a +0 trident. 😕 HP[+1] No target in view!
Unknown command.
An adder comes into view. 😎 HP[+2]
Your hp is fully restored (38).
An adder is nearby!
An adder is nearby!
An adder is nearby!
An adder is nearby!
An adder is nearby!
Okay, then.
An adder is nearby!
An adder is nearby!
An adder is nearby!
An adder is nearby!
An adder is nearby!
Unknown command.
Unknown command.
The helpless adder fails to defend itself.
You bludgeon the adder! Your grab misses the adder.
Your tentacle-slap misses the adder.
The adder bites you. 😕 HP[-3]
You take 3 damage, and now have 35/38 hp.
You miss the adder. You grab the adder. You squeeze the adder.
You kill the adder!
Your Stealth skill increases to level 5!
Unknown command.
No target in view!
Unknown command.
No target in view!
A gnoll comes into view. It is wielding a +0 flail.
You see here 2 sapphire potions. 😎 HP[+3]
Your hp is fully restored (38).
A gnoll is nearby!
A gnoll is nearby!
A gnoll is nearby! 2 gnolls come into view.
Unknown command.
The gnoll shouts! x2; You hear a shout!
The gnoll barely misses you.
A giant cockroach comes into view.
A centaur comes into view.
You tentacle-slap the gnoll. Your grab misses the gnoll.
Your tentacle-slap misses the gnoll.
The gnoll hits you with a +0 flail. 😕 HP[-5]
You take 5 damage, and now have 33/38 hp.
You tentacle-slap the gnoll. You grab the gnoll. You constrict the gnoll.
The gnoll hits you with a +0 whip.
The gnoll hits you from afar with a +0 spear.
The gnoll hits you with a +0 flail! 😮 HP[-13]
You take 13 damage, and now have 20/38 hp.
MASSIVE DAMAGE!! (PAUSE) Unknown command.
You release your grip on the gnoll.
The gnoll closely misses you.
Unknown command.
As you read the scroll labelled ILETOS DUNAT, it crumbles to dust.
You feel strangely unstable.
It was a scroll of teleportation.
The gnoll closely misses you.
The gnoll hits you from afar with a +0 spear.
* * * LOW HITPOINT WARNING * * *
😨 HP[-5]
You take 5 damage, and now have 15/38 hp.
Unknown command.
The centaur wields a +0 shortbow.
The centaur shoots an arrow.
The arrow hits you!
* * * LOW HITPOINT WARNING * * *
The gnoll attacks as it pursues you!
The gnoll hits you from afar with a +0 spear.
You die...

Skill      XL: |  1  2  3  4  5  6 |
---------------+-------------------+-----
Stealth        | 1 2 4 5 |  5.0
Unarmed Combat | 4 |  4.5
Shapeshifting  | 4 |  4.4
Fighting       | |  1.0
Dodging        | |  2.0

Action                     |  1- 3 |  4- 6 || total
---------------------------+-------+-------++-------
  Melee: Unarmed           |    61 |    45 ||   106
         Constrict         |    13 |    10 ||    23
         Tentacles         |     9 |     8 ||    17
         Punch             |       |     2 ||     2
    Use: Scroll            |       |     1 ||     1
   Stab: Sleeping          |    15 |     7 ||    22
 Armour: Skin              |    20 |    21 ||    41
  Dodge: Dodged            |    33 |    21 ||    54

Levels and vault maps discovered:
D:1:      dpeg_arrival_boxes_within_box, layout_basic, minmay_ruptured
D:2:      layout_basic, minmay_tetromino_o4
D:3:      minmay_bubble_buster, layout_basic, basic_ecumenical_altar, hex_large,
          uniq_sigmund, uniq_grinder

Notes
Turn   | Place    | Note
-------+----------+-------------------------------------------
     0 | D:1      | ytrimaz the Octopode Shapeshifter began the quest for the
                  | Orb.
     0 | D:1      | Reached XP level 1. HP: 13/13 MP: 1/1
     0 | D:1      | magus.rc [v1.9.6]
   149 | D:1      | Reached skill level 1 in Stealth
   158 | D:1      | Reached XP level 2. HP: 18/18 MP: 2/2
   321 | D:1      | HP: 4/18 [hobgoblin (2)]
   506 | D:1      | Reached skill level 2 in Stealth
   553 | D:1      | Reached XP level 3. HP: 22/23 MP: 3/3
   896 | D:1      | You fall into a shaft and drop 1 floor!
  1370 | D:2      | Reached XP level 4. HP: 28/28 MP: 4/4
  1489 | D:2      | Reached skill level 3 in Stealth
  1935 | D:3      | Noticed Grinder
  1935 | D:3      | Found a faded altar of an unknown god.
  1941 | D:3      | HP: 6/28 [Grinder (5)]
  1944 | D:3      | Killed Grinder
  1945 | D:3      | Reached skill level 4 in Stealth
  1945 | D:3      | Reached skill level 4 in Unarmed Combat
  1945 | D:3      | Reached skill level 4 in Shapeshifting
  1945 | D:3      | Reached XP level 5. HP: 8/33 MP: 5/5
  1945 | D:3      | Reached XP level 6. HP: 10/38 MP: 6/6
  2124 | D:3      | Reached skill level 5 in Stealth
  2151 | D:3      | HP: 3/38 [centaur/arrow (12)]
  2151 | D:3      | Slain by a gnoll

Vanquished Creatures
  Grinder (D:3)
  3 adders
  2 worms (D:2)
  2 dart slugs
  2 orcs (D:3)
  7 endoplasms
  3 giant cockroaches
  5 hobgoblins
  2 jackals (D:3)
  4 quokkas
  10 ball pythons
  2 bats (D:1)
  2 frilled lizards
  5 goblins
  4 kobolds (D:2)
  7 rats
61 creatures vanquished.

Table legend:
 A = Non-vault XP
 B = Vault XP
 C = Vault XP percentage of total XP
 D = Non-vault monster count
 E = Vault monster count
 F = Vault count percentage of total count
                 A         B        C        D         E       F
            +---------+---------+-------+---------+---------+-------
      Total |     120 |     298 |  71.3 |      52 |       9 |  14.8
            +---------+---------+-------+---------+---------+-------
        D:1 |      35 |       7 |  16.7 |      20 |       5 |  20.0
        D:2 |      44 |      19 |  30.2 |      24 |       3 |  11.1
        D:3 |      41 |     272 |  86.9 |       8 |       1 |  11.1
            +---------+---------+-------+---------+---------+-------

Skill      XL: |  1  2  3  4  5  6 |
---------------+-------------------+-----
Stealth        | 1 2 4 5 |  5.0
Unarmed Combat | 4 |  4.5
Shapeshifting  | 4 |  4.4
Fighting       | |  1.0
Dodging        | |  2.0

Action                     |  1- 3 |  4- 6 || total
---------------------------+-------+-------++-------
  Melee: Unarmed           |    61 |    45 ||   106
         Constrict         |    13 |    10 ||    23
         Tentacles         |     9 |     8 ||    17
         Punch             |       |     2 ||     2
    Use: Scroll            |       |     1 ||     1
   Stab: Sleeping          |    15 |     7 ||    22
 Armour: Skin              |    20 |    21 ||    41
  Dodge: Dodged            |    33 |    21 ||    54

Illustrated notes

Table legend:
 A = Kills in this place as a percentage of kills in the entire game.
 B = Kills by you in this place as a percentage of kills by you in the entire game.
 C = Kills by friends in this place as a percentage of kills by friends in the entire game.
 D = Other kills in this place as a percentage of other kills in the entire game.
 E = Experience gained in this place as a percentage of experience gained in the entire game.
 F = Experience gained in this place divided by the number of levels of this place that you have seen.
                   A       B       C       D       E      F
               +-------+-------+-------+-------+-------+----------------------
         Total | 100.0 | 100.0 |   N/A |   N/A | 100.0 | 139.3
       Dungeon | 100.0 | 100.0 |   N/A |   N/A | 100.0 | 139.3
               +-------+-------+-------+-------+-------+----------------------

Table legend: (Time is in decaauts)
 A = Elapsed time spent in this place.
 B = Non-inter-level travel time spent in this place.
 C = Inter-level travel time spent in this place.
 D = Time resting spent in this place.
 E = Time spent auto-exploring this place.
 F = Levels seen in this place.
 G = Mean time per level.
                   A        B        C        D        E       F      G
               +--------+--------+--------+--------+--------+-----+--------+
         Total |   2145 |   2101 |     44 |    104 |   1588 |   3 |  715.0 |
       Dungeon |   2145 |   2101 |     44 |    104 |   1588 |   3 |  715.0 |
               +--------+--------+--------+--------+--------+-----+--------+

Top non-repeatable levels by time:
     D:2: 1024 daAuts
     D:1: 1012 daAuts
     D:3: 108 daAuts
